 Dungeon Crawl Stone Soup version 0.21-a0-591-g2314aa1 (webtiles) character file.

127 Gerstahl the Slasher (level 4, -8/37 HPs)
             Began as a Demonspawn Gladiator on Dec 22, 2017.
             Killed by divine providence
             ... invoked by an orc priest
              (11 damage)
             ... on level 4 of the Dungeon.
             The game lasted 00:03:56 (1829 turns).

Gerstahl the Slasher (Demonspawn Gladiator)         Turns: 1829, Time: 00:03:57

Health: -8/37      AC:  8    Str: 14    XL:     4   Next: 85%
Magic:  0/4        EV: 11    Int:  9    God:
Gold:   119        SH:  0    Dex: 16    Spells: 3/3 levels left

rFire    + . .     SeeInvis .   a - +0 long sword
rCold    + . .     Gourm    .   (no shield)
rNeg     . . .     Faith    .   j - +0 ring mail
rPois    +         Spirit   +   c - +0 helmet
rElec    +         Reflect  .   g - scarf {Spirit}
rCorr    +         Harm     .   l - +1 pair of gloves
MR       .....                  (no boots)
Stlth    +.........             (no amulet)
HPRegen  0.12/turn              (no ring)
MPRegen  0.09/turn              (no ring)

@: about to teleport, resistant, berserk cooldown, slowed, drained, very slow
A: hooves 1
a: no special abilities


You were on level 4 of the Dungeon.
You were not hungry.

You visited 1 branch of the dungeon, and saw 3 of its levels.

You collected 119 gold pieces.

Inventory:

Hand Weapons
 a - a +0 long sword (weapon)
 q - a +0 long sword of holy wrath
Armour
 b - a +0 leather armour
 c - a +0 helmet (worn)
 g - a scarf of spirit shield (worn)
 j - a +0 ring mail (worn)
 l - a +1 pair of gloves (worn)
Jewellery
 r - a +4 ring of dexterity {unknown}
 w - an uncursed ring of see invisible {unknown}
Wands
 o - a wand of disintegration (3)
 t - a wand of clouds (4)
 u - a wand of acid (5)
Scrolls
 e - a scroll of amnesia {unknown}
 h - a scroll of fog {unknown}
 i - 3 scrolls of identify {unknown}
 k - a scroll of fear {unknown}
 n - a scroll of teleportation
 p - a scroll of remove curse {unknown}
Books
 v - Jepal's Disquisition on Evil Venom
   (You found it on level 4 of the Dungeon)

   Spells                             Type                      Level
   a - Animate Skeleton               Necromancy                   1
   b - Sublimation of Blood           Necromancy                   2
   c - Excruciating Wounds            Charms/Necromancy            5
   d - Cigotuvi's Embrace             Necromancy                   5
   e - Alistair's Intoxication        Transmutation/Poison         5
Comestibles
 f - 8 rations
 m - a chunk of flesh


   Skills:
 + Level 3.8(3.2) Fighting
 + Level 4.1(3.5) Long Blades
 - Level 1.7(1.2) Throwing
 - Level 2.6(2.1) Dodging


You had 3 spell levels left.
You didn't know any spells.

Dungeon Overview and Level Annotations

Branches:
Dungeon (2/15)

Altars:

Annotations:
D:4 Eustachio


Innate Abilities, Weirdness & Mutations

You have large cloven feet.


Message History

You slash the hound! Your kick misses the hound.
The hound is heavily wounded.
The hound closely misses you.
You slash the hound!
You kill the hound!
Your base Long Blades skill increases to level 4!
You feel a strong urge to attack something.
A phantom comes into view.
You are no longer berserk.
You are exhausted.
You feel yourself slow down.
It was a potion of resistance.
You feel protected.
As you read the scroll labeled DOZIH OKLIJI, it crumbles to dust.
You feel strangely unstable.
It was a scroll of teleportation.
The phantom hits you.
* * * LOW HITPOINT WARNING * * *
The orc priest invokes the aid of Beogh against you.
Beogh smites you!
You die...

#.# ##. #.## #.#
#..##>. #... #.#
#..##.# #..# #.#
#..##.# #..# #.#
#..##.####..# #.#
#......o....# #W#
##.##.#####.#
#o#####.a.........
#@..o.ol.........#
##########.#######
#.# #.# #.# #.# .#


You could see a phantom, an iguana, a worker ant, 2 orc priests and an orc.

Vanquished Creatures
  A hound (D:4)
  An orc priest (D:2)
  An adder (D:2)
  A worm (D:2)
  4 dart slugs
  2 leopard geckos (D:2)
  3 orcs (D:2)
  A ball python (D:1)
  2 bats (D:2)
  3 giant cockroaches
  3 goblins
  3 hobgoblins (D:2)
  6 jackals
  5 kobolds
  4 rats
40 creatures vanquished.

Notes
Turn   | Place    | Note
-------+----------+-------------------------------------------
     0 | D:1      | Gerstahl the Demonspawn Gladiator began the quest for the Orb.
     0 | D:1      | Reached XP level 1. HP: 16/16 MP: 1/1
   196 | D:1      | Reached skill level 3 in Long Blades
   245 | D:1      | Gained mutation: You have large cloven feet. [demonic ancestry]
   245 | D:1      | Reached XP level 2. HP: 18/23 MP: 2/2
   742 | D:2      | Reached XP level 3. HP: 26/28 MP: 3/3
   897 | D:2      | Reached XP level 4. HP: 10/35 MP: 1/4
  1722 | D:2      | You fall through a shaft for 2 floors!
  1722 | D:4      | Noticed Eustachio
  1769 | D:4      | Identified Jepal's Disquisition on Evil Venom
  1822 | D:4      | Reached skill level 4 in Long Blades
  1825 | D:4      | Noticed a phantom
  1829 | D:4      | Killed from afar by an orc priest

Vault maps used:
D:1:      lightli_arrival_windingriver, minmay_misc_feat_iff
D:4:      nicolae_qazlal_style_of_elements, uniq_eustachio

Skill      XL: |  1  2  3  4 |
---------------+-------------+-----
Long Blades    | 3 4 |  4.1
Fighting       | 3 |  3.8
Throwing       | |  1.7
Dodging        | |  2.6

Action                   |  1- 3 |  4- 6 || total
-------------------------+-------+-------++-------
Melee: Long sword        |    66 |    25 ||    91
       Kick              |     9 |     9 ||    18
Throw: Throwing net      |     3 |       ||     3
  Use: Potion            |       |     2 ||     2
       Scroll            |       |     1 ||     1
 Stab: Sleeping          |     1 |       ||     1
  Eat: Chunk             |       |     3 ||     3
Armor: Leather armour    |    11 |       ||    11
       Ring mail         |    28 |    21 ||    49
Dodge: Dodged            |    46 |    31 ||    77
       Rpst.: Long sword |    10 |    10 ||    20

Table legend:
 A = Spawn XP
 B = Non-spawn XP
 C = Spawn XP percentage of total XP
 D = Spawn monster count
 E = Non-spawn monster count
 F = Spawn count percentage of total count
 G = Total turns spent on level
                    A         B        C        D         E        F      G
               +---------+---------+-------+---------+---------+-------+---------
         Total |       0 |     182 |   0.0 |       0 |      40 |   0.0 |  1829
               +---------+---------+-------+---------+---------+-------+---------
           D:1 |       0 |      35 |   0.0 |       0 |      16 |   0.0 |   672
           D:2 |       0 |     104 |   0.0 |       0 |      23 |   0.0 |  1050
           D:4 |       0 |      43 |   0.0 |       0 |       1 |   0.0 |   107
               +---------+---------+-------+---------+---------+-------+---------
